 Dungeon Crawl Stone Soup version 0.19.5 (webtiles) character file.

11254 Peloso the Carver (level 11, -9/97 HPs)
             Began as a Minotaur Fighter on May 10, 2017.
             Was a High Priest of Okawaru.
             Shot with an arrow by Nessos (14 damage)
             ... on level 2 of the Orcish Mines.
             The game lasted 00:27:58 (9574 turns).

Peloso the Carver (Minotaur Fighter)                Turns: 9574, Time: 00:27:59

Health: -9/97      AC: 19    Str: 22    XL:     11   Next: 46%
Magic:  10/10      EV:  7    Int:  5    God:    Okawaru [*****.]
Gold:   891        SH: 12    Dex: 12    Spells: 0 memorised, 10 levels left

rFire  + . .     SeeInvis .     e - +5 long sword
rCold  x . .     Gourm    .     R - +0 plate armour
rNeg   . . .     Faith    .     c - +0 shield
rPois  .         Spirit   .     (helmet restricted)
rElec  .         Reflect  .     G - +1 cloak
rCorr  .         Harm     .     q - +0 pair of gloves
MR     .....                    X - +0 pair of boots
Stlth  ..........               (no amulet)
                                w - ring of fire
                                V - ring of flight

@: lethally poisoned (-9 -> -31)
A: retaliatory headbutt, horns 2
a: Heroism, Finesse, Renounce Religion, Evoke Flight


You were on level 2 of the Orcish Mines.
You worshipped Okawaru.
Okawaru was extremely pleased with you.
You were hungry.

You visited 3 branches of the dungeon, and saw 14 of its levels.
You also visited: Ossuary.

You collected 891 gold pieces.

Inventory:

Hand Weapons
 e - a +5 long sword (weapon)
 T - a +0 scimitar of flaming
Armour
 c - a +0 shield (worn)
 q - a +0 pair of gloves (worn)
 G - a +1 cloak (worn)
 R - a +0 plate armour (worn)
 X - a +0 pair of boots (worn)
Jewellery
 w - a ring of fire (right hand)
 V - a ring of flight (left hand)
Wands
 r - a wand of iceblast (5/15)
 u - a wand of confusion (28/48)
 v - a wand of iceblast (1/15)
 y - a wand of teleportation (3/9)
 z - a wand of slowing (13/48)
 H - a wand of iceblast (11/15)
 J - a wand of slowing (17/48)
 N - a wand of polymorph (6/24)
 P - a wand of lightning (4/15)
 U - a wand of flame (16/48)
Scrolls
 p - 5 scrolls of amnesia
 B - a scroll of random uselessness {unknown}
 D - a scroll of fog
 E - 3 scrolls of teleportation
 I - a scroll of immolation {unknown}
 K - 2 scrolls of noise {unknown}
 L - 2 scrolls of recharging
 M - a scroll of blinking {unknown}
 Q - 7 scrolls of remove curse {unknown}
Potions
 d - 4 potions of might
 h - a potion of ambrosia
 i - a potion of berserk rage
 j - 3 potions of heal wounds
 k - 2 potions of brilliance
 m - 3 potions of curing
 n - 2 potions of magic
 o - a potion of resistance {unknown}
 s - 2 potions of agility
 t - 2 potions of cancellation
 x - 4 potions of flight
 O - a potion of cure mutation {unknown}
 S - a potion of haste {unknown}
Books
 F - a book of Minor Magic

   Spells                             Type                      Level
   a - Magic Dart                     Conjuration                  1
   b - Blink                          Translocation                2
   c - Call Imp                       Summoning                    2
   d - Repel Missiles                 Charms/Air                   2
   e - Slow                           Hexes                        2
   f - Conjure Flame                  Conjuration/Fire             3
   g - Mephitic Cloud                 Conjuration/Poison/Air       3
Comestibles
 b - 3 beef jerkies
 f - 10 bread rations
 g - 2 slices of pizza
 l - 4 meat rations
 C - 10 royal jellies
 W - 5 fruits


   Skills:
 + Level 9.4 Fighting
 + Level 13.6 Long Blades
 + Level 9.7 Armour
 + Level 3.4 Dodging
 + Level 1.2 Stealth
 + Level 10.9 Shields
 + Level 0.4 Invocations
 + Level 0.3 Evocations


You had 10 spell levels left.
You didn't know any spells.

Dungeon Overview and Level Annotations

Branches:
Dungeon (11/15)            Temple (1/1) D:4            Lair (0/6) D:8
    Orc (2/2) D:11
    Elf: Orc:2

Altars:
Ashenzari
Cheibriados
Dithmenos
Elyvilon
Fedhas
Gozag
Hepliaklqana
Kikubaaqudgha
Makhleb
Nemelex Xobeh
Okawaru
Qazlal
Ru
Sif Muna
Trog
Uskayaw
Vehumet
Xom
Yredelemnul
Zin
The Shining One

Shops:
D:7 [

Annotations:
Orc:2 Nessos


Innate Abilities, Weirdness & Mutations

You reflexively headbutt those who attack you in melee.
You have a pair of horns on your head.


Message History

You feel sick. Nessos says, "Study your classics!"
Nessos shoots an arrow.
The arrow closely misses you.
The orc priest invokes the aid of Beogh against you.
Beogh smites you!
Nessos shoots an arrow.
The arrow hits you!
You see here 2 arrows.
You feel sick.
Nessos shoots an arrow.
The arrow hits you but does no damage.
You see here an arrow.
Nessos blinks!
Nessos shoots an arrow.
The arrow hits you!
* * * LOW HITPOINT WARNING * * *
The arrow burns you.
You are lethally poisoned!
* * * LOW HITPOINT WARNING * * *
You see here an arrow.
* * * LOW HITPOINT WARNING * * *
You feel very sick.
Nessos shoots an arrow.
The arrow closely misses you.
Nessos blinks!
* * * LOW HITPOINT WARNING * * *
You feel sick.
Nessos shoots an arrow.
The arrow hits you!
You die...

#..#.......### #..$......#
####......### ##........#
#.......[...## #.o........
#............####(........
#................o(o.c..(..
.......#.........o..§..§...
.......#........(..###.....
.......#..........#.# #....
.....##......(..@.#### ....
.... ##..........#..# ..
..##......)[.....##
..........().......
...........<........
.......##.##........
.......#######....<.
......# #..... ....## #...


You could see Nessos, an orc warrior, an orc priest and 2 orcs.

Vanquished Creatures
  Erica (D:10)
  Nergalle (D:10)
  3 hill giants
  Pikel (D:9)
  An ugly thing (D:11)
  A cyclops (Orc:2)
  A hornet (D:10)
  A troll (D:9)
  Prince Ribbit (D:7)
  A hippogriff (D:11)
  Grinder (D:5)
  Sigmund (D:5)
  A shadow (D:11)
  A water elemental (D:11)
  6 yaks (D:10)
  A hungry ghost (D:7)
  Eustachio (D:6)
  2 soldier ants (D:10)
  Edmund (D:5)
  5 orc warriors
  A phantom (D:4)
  4 centaurs
  3 sky beasts
  2 necrophages (D:10)
  4 ogres
  6 bullfrogs
  3 water moccasin zombies (Ossuary)
  4 scorpions
  3 wights (D:10)
  5 howler monkeys
  4 electric eels (D:11)
  4 crimson imps
  3 quasits
  A bullfrog zombie (D:5)
  A centaur zombie (D:7)
  A bullfrog skeleton (D:11)
  5 hounds
  A jelly (D:8)
  6 orc priests
  14 orc wizards
  An iguana (D:5)
  6 worker ants
  A killer bee zombie (D:10)
  3 big kobold zombies (Ossuary)
  A hound skeleton (D:4)
  2 hound zombies
  2 mummies (Ossuary)
  A worker ant zombie (D:5)
  Robin (D:2)
  A gnoll (D:1)
  10 adders
  A howler monkey skeleton (D:9)
  A shadow imp (D:8)
  3 oozes
  6 adder zombies (Ossuary)
  An adder skeleton (D:7)
  3 worms
  A dart slug (D:1)
  8 leopard geckos
  63 orcs
  5 bats
  10 giant cockroaches
  A gnoll zombie (Ossuary)
  15 goblins
  10 hobgoblins
  8 jackals
  A quokka (D:2)
  2 ball pythons (D:3)
  3 frilled lizards
  A giant cockroach zombie (D:5)
  4 hobgoblin zombies (Ossuary)
  2 kobolds
  8 kobold zombies (Ossuary)
  3 orc zombies (Ossuary)
  A quokka skeleton (D:5)
  A quokka zombie (D:5)
  12 rats
310 creatures vanquished.

Vanquished Creatures (others)
  A goblin (D:2)
1 creature vanquished.

Grand Total: 311 creatures vanquished

Notes
Turn   | Place    | Note
-------+----------+-------------------------------------------
     0 | D:1      | Peloso the Minotaur Fighter began the quest for the Orb.
     0 | D:1      | Reached XP level 1. HP: 19/19 MP: 0/0
    75 | D:1      | Reached XP level 2. HP: 26/27 MP: 1/1
   378 | D:1      | Reached XP level 3. HP: 33/33 MP: 2/2
   572 | D:2      | Found a hide-covered altar of Uskayaw.
   572 | D:2      | Noticed a hand axe
   572 | D:2      | Noticed a hand axe
   572 | D:2      | Noticed Robin
   652 | D:1      | Reached skill level 3 in Long Blades
   727 | D:2      | Killed Robin
   727 | D:2      | Reached skill level 1 in Dodging
   839 | D:2      | Reached XP level 4. HP: 39/40 MP: 3/3
  1407 | D:3      | Reached XP level 5. HP: 13/47 MP: 4/4
  1411 | D:3      | Reached skill level 4 in Long Blades
  1628 | D:3      | Reached skill level 5 in Armour
  2226 | D:4      | Noticed an ogre
  2232 | D:4      | Killed an ogre
  2232 | D:4      | Reached skill level 5 in Long Blades
  2232 | D:4      | Reached XP level 6. HP: 4/53 MP: 5/5
  2541 | D:4      | Reached skill level 5 in Shields
  2621 | D:4      | Found a staircase to the Ecumenical Temple.
  2710 | Temple   | Entered the Ecumenical Temple
  3113 | D:5      | Entered Level 5 of the Dungeon
  3204 | D:5      | Noticed Grinder
  3206 | D:5      | Paralysed by Grinder for 3 turns
  3214 | D:5      | Killed Grinder
  3214 | D:5      | Reached skill level 5 in Fighting
  3214 | D:5      | Reached skill level 6 in Long Blades
  3214 | D:5      | Reached XP level 7. HP: 54/61 MP: 6/6
  3414 | D:5      | Found a sand-covered staircase.
  3429 | Ossuary  | Entered an ossuary
  3624 | Ossuary  | Reached skill level 7 in Long Blades
  3676 | Ossuary  | Reached XP level 8. HP: 40/68 MP: 7/7
  4009 | D:5      | Noticed Sigmund
  4021 | D:5      | Killed Sigmund
  4074 | D:5      | Found an iron altar of Okawaru.
  4102 | D:5      | Became a worshipper of Warmaster Okawaru
  4147 | D:5      | Reached skill level 8 in Long Blades
  4158 | D:5      | Noticed Edmund
  4176 | D:5      | Killed Edmund
  4308 | D:5      | Reached * piety under Okawaru
  4495 | D:6      | Reached skill level 9 in Long Blades
  4499 | D:6      | Noticed Eustachio
  4507 | D:6      | Killed Eustachio
  4750 | D:6      | Found a bloodstained altar of Trog.
  4751 | D:6      | Found a glowing silver altar of Zin.
  4783 | D:6      | Reached XP level 9. HP: 62/78 MP: 8/8
  5120 | D:7      | Noticed Prince Ribbit
  5140 | D:7      | Killed Prince Ribbit
  5140 | D:7      | Reached ** piety under Okawaru
  5331 | D:7      | Reached skill level 10 in Long Blades
  5342 | D:7      | Found Buext's Armour Shop.
  6014 | D:8      | Noticed a hill giant
  6027 | D:8      | Killed a hill giant
  6027 | D:8      | Reached skill level 1 in Stealth
  6037 | D:8      | Found a staircase to the Lair.
  6139 | D:8      | Reached *** piety under Okawaru
  6276 | D:8      | Found a shattered altar of Ashenzari.
  6437 | D:8      | Found a blossoming altar of Fedhas.
  6716 | D:9      | Reached skill level 11 in Long Blades
  6716 | D:9      | Reached XP level 10. HP: 88/88 MP: 9/9
  6943 | D:9      | Noticed Pikel
  6950 | D:9      | Killed Pikel
  7143 | D:9      | Identified a scroll of acquirement
  7146 | D:9      | Got an ichor-stained short sword
  7147 | D:9      | Identified the +3 short sword of Buteseni {holy, Fragile Str+3 Int+4} (You acquired it on level 9 of the Dungeon)
  7167 | D:10     | Entered Level 10 of the Dungeon
  7361 | D:10     | Paralysed by a hornet for 2 turns
  7696 | D:10     | Noticed Nergalle
  7707 | D:10     | Noticed a hill giant
  7718 | D:10     | Killed Nergalle
  7718 | D:10     | Reached **** piety under Okawaru
  7718 | D:10     | Reached skill level 12 in Long Blades
  7726 | D:10     | Killed a hill giant
  7924 | D:10     | Reached skill level 10 in Shields
  8301 | D:10     | Reached ***** piety under Okawaru
  8305 | D:10     | Reached XP level 11. HP: 86/95 MP: 10/10
  8427 | D:10     | Found a sacrificial altar of Ru.
  8449 | D:10     | Noticed a hill giant
  8461 | D:10     | Killed a hill giant
  8515 | D:11     | Noticed Erica
  8533 | D:10     | Killed Erica
  8533 | D:10     | Reached skill level 13 in Long Blades
  8699 | D:11     | Noticed a brown ugly thing
  8715 | D:11     | Killed a brown ugly thing
  9095 | D:11     | Found a staircase to the Orcish Mines.
  9270 | Orc:1    | Entered Level 1 of the Orcish Mines
  9315 | Orc:2    | Entered Level 2 of the Orcish Mines
  9552 | Orc:2    | Noticed Nessos
  9560 | Orc:1    | Noticed an orc knight
  9560 | Orc:1    | Noticed an orc sorcerer
  9574 | Orc:2    | Shot with an arrow by Nessos

Skill      XL: |  1  2  3  4  5  6  7  8  9 10 11 |
---------------+----------------------------------+-----
Armour         | 4 5 6 7 8 9 |  9.7
Fighting       | 4 5 6 8 9 |  9.4
Long Blades    | 3 5 6 7 9 11 12 13 | 13.6
Dodging        | 1 2 3 |  3.4
Shields        | 4 5 6 7 8 10 | 10.9
Stealth        | 1 |  1.2
Invocations    | |  0.4
Evocations     | |  0.3

Action                   |  1- 3 |  4- 6 |  7- 9 | 10-12 || total
-------------------------+-------+-------+-------+-------++-------
Melee: Long sword        |    73 |   148 |   364 |   366 ||   951
       Headbutt          |    12 |    32 |    62 |    86 ||   192
Invok: Heroism           |       |       |     1 |     3 ||     4
Evoke: Wand              |       |       |       |     4 ||     4
  Use: Scroll            |       |    13 |     4 |     4 ||    21
       Potion            |       |       |       |     3 ||     3
  Eat: Chunk             |       |     7 |    11 |    10 ||    28
       Pizza             |       |       |     1 |       ||     1
Armor: Scale mail        |    59 |       |       |       ||    59
       Chain mail        |       |    84 |   124 |       ||   208
       Plate armour      |       |       |     4 |   145 ||   149
Dodge: Dodged            |    30 |    30 |    61 |    77 ||   198
Block: Shield            |    51 |    79 |   172 |   197 ||   499
       Rpst.: Long sword |     9 |    12 |    15 |    20 ||    56
